 Dungeon Crawl Stone Soup version 0.25.1-2-g60ff931df9 (webtiles) character file.

Game seed: 567054403519201558

12159 DearestLeader the Earth Mage (level 11, -1/54 HPs)
             Began as a Gargoyle Earth Elementalist on Sept 17, 2020.
             Was an Elder of Vehumet.
             Slain by a polar bear (13 damage)
             ... in an ice cave.
             The game lasted 00:36:31 (14268 turns).

DearestLeader the Earth Mage (GrEE)                Turns: 14268, Time: 00:36:32

Health: -1/54      AC: 19    Str: 14    XL:     11   Next: 89%
Magic:  1/22       EV: 19    Int: 23    God:    Vehumet [****..]
Gold:   789        SH:  0    Dex: 12    Spells: 7/25 levels left

rFire    . . .     SeeInvis .   J - +1 dagger of Okawaru's Vengeance {venom, rC+ MR+ Int+3 Dex+2}
rCold    + + .     Gourm    .   (no shield)
rNeg     + . .     Faith    .   o - +0 robe
rPois    ∞         Spirit   .   N - +2 helmet
rElec    +         Reflect  .   v - +2 cloak {rCorr}
rCorr    +         Harm     .   S - +1 pair of gloves {Str+3}
MR       +....                  z - +0 pair of boots
Stlth    ++........             r - amulet of regeneration
HPRegen  0.58/turn              M - +4 ring of evasion
MPRegen  0.18/turn              V - ring of protection from cold

@: no status effects
A: negative energy resistance 1, electricity resistance, unbreathing,
petrification resistance, rot immunity, AC +8
a: Renounce Religion


You were in an ice cave.
You worshipped Vehumet.
Vehumet was greatly pleased with you.
You were hungry.

You visited 3 branches of the dungeon, and saw 14 of its levels.
You also visited: Sewer and Ice Cave.

You collected 789 gold pieces.

Inventory:

Hand Weapons
 x - a +2 quarterstaff of chaos
 y - a +2 whip of freezing
 J - the +1 dagger of Okawaru's Vengeance (weapon) {venom, rC+ MR+ Int+3 Dex+2}
   (You found it on level 7 of the Dungeon)

   It poisons the flesh of those it strikes.
   It affects your intelligence (+3).
   It affects your dexterity (+2).
   It protects you from cold.
   It affects your resistance to hostile enchantments.
 L - a +1 whip of flaming
Missiles
 b - 189 stones (quivered)
Armour
 o - a +0 robe (worn)
 v - a +2 cloak of preservation (worn)
 z - a +0 pair of boots (worn)
 N - a +2 helmet (worn)
 S - a +1 pair of gloves of strength (worn)
 W - a +0 buckler
Jewellery
 c - an uncursed ring of positive energy
 h - a +6 ring of dexterity
 p - an uncursed ring of see invisible
 r - an amulet of regeneration (around neck)
 M - a +4 ring of evasion (left hand)
 O - an uncursed ring of protection from magic
 Q - an uncursed ring of resist corrosion
 V - a ring of protection from cold (right hand)
Wands
 u - a wand of polymorph (22)
 P - a wand of random effects (22)
 R - a wand of clouds (8)
 T - a wand of paralysis (7)
 U - a wand of digging (4)
Scrolls
 g - a scroll of magic mapping
 i - 3 scrolls of amnesia
 l - 9 scrolls of teleportation
 m - 4 scrolls of blinking
 q - 2 scrolls of fog
 t - 11 scrolls of remove curse
 w - 3 scrolls of immolation
 B - 2 scrolls of fear {unknown}
 C - 2 scrolls of enchant weapon {unknown}
 E - 2 scrolls of random uselessness {unknown}
Potions
 a - 9 potions of curing
 e - 8 potions of haste
 f - 3 potions of mutation
 k - 4 potions of magic
 n - a potion of invisibility
 s - 3 potions of flight
 A - a potion of stabbing
 D - 2 potions of berserk rage
 F - 4 potions of might
 G - 2 potions of brilliance
 H - a potion of cancellation
 I - 2 potions of lignification
 K - 2 potions of heal wounds
Comestibles
 d - 22 rations
 j - 10 chunks of flesh


   Skills:
 + Level 5.9 Dodging
 - Level 2.1 Stealth
 + Level 7.6 Spellcasting
 + Level 7.4 Conjurations
 - Level 0.7 Transmutations
 * Level 15.8 Earth Magic


You had 7 spell levels left.
You knew the following spells:

 Your Spells              Type           Power        Failure   Level  Hunger
a - Sandblast             Erth           ######       0%          1    None
b - Stone Arrow           Conj/Erth      ######       1%          3    None
c - Lee's Rapid Deconstr  Erth           ######....   1%          5    #####..
d - Petrify               Tmut/Erth      #####...     2%          4    ###....
e - Passwall              Tmut/Erth      #####...     1%          2    None
f - Mephitic Cloud        Conj/Pois/Air  ###.....     2%          3    None

Your spell library contained the following spells:

 Spells                   Type           Power        Failure   Level  Hunger
 Sticky Flame             Conj/Fire      ####....     4%          4    ###....
 Freeze                   Ice            #...         2%          1    None
 Hailstorm                Conj/Ice       ####....     4%          4    ###....
 Frozen Ramparts          Ice            #.....       6%          3    None
 Animate Skeleton         Necr           N/A          8%          1    None
 Apportation              Tloc           #.....       8%          1    None
 Corona                   Hex            #......      8%          1    None
 Summon Small Mammal      Summ           #...         8%          1    None
 Ozocubu's Armour         Chrm/Ice       #.......     22%         3    None
 Summon Ice Beast         Ice/Summ       #.......     58%         4    ###....


Dungeon Overview and Level Annotations

Branches:
Dungeon (11/15)            Temple (1/1) D:5            Lair (2/6) D:11
 Spider (0/4) Lair:2          Orc (0/2) D:10          Sewer (visited)
  IceCv (1/1)
  Swamp: Lair:2-4    Shoals: Lair:2-4

Altars:
Ashenzari
Cheibriados
Dithmenos
Elyvilon
Fedhas
Gozag
Hepliaklqana
Kikubaaqudgha
Makhleb
Nemelex Xobeh
Okawaru
Qazlal
Ru
Sif Muna
Trog
Uskayaw
Vehumet
Wu Jian
Xom
Yredelemnul
Zin
The Shining One

Annotations:
D:6 3 runed translucent doors, DildoBatman's ghost, novice FoWz
D:7 2 transporters


Innate Abilities, Weirdness & Mutations

You are resistant to torment.
Your stone body is resilient. (AC +8)
You are immune to poison.
You resist negative energy. (rN+)
You are resistant to electric shocks. (rElec)
You can survive without breathing.
You are immune to petrification.
You are immune to rotting.


Message History

The wolf closely misses you.
The polar bear bites you but does no damage.
The polar bear completely misses you. The polar bear closely misses you.
The wolf barely misses you.
The polar bear bites you but does no damage.
The polar bear completely misses you.
The polar bear claws you but does no damage.
The polar bear bites you.
* * * LOW HITPOINT WARNING * * *
The polar bear barely misses you.
The polar bear claws you but does no damage.
The wolf completely misses you. The polar bear bites you.
* * * LOW HITPOINT WARNING * * *
The polar bear claws you.
* * * LOW HITPOINT WARNING * * *
The polar bear completely misses you. The wolf misses you.
The polar bear bites you!
You die...

#### ##..## ####
##....#####..##
#.......##....#
#.∩.∩..@h...#†......#
#......÷h..###......#
##....##..## ##...#.
##..###### #.... ####
.... ... ..


You could see a polar bear (berserk) and a wolf.

Vanquished Creatures
  A hydra (Lair:2)
  Harold (D:7)
  A two-headed ogre (D:11)
  Pikel (D:6)
  An ugly thing (D:11)
  A spiny frog (Lair:1)
  A komodo dragon (Lair:2)
  A troll (D:11)
  Prince Ribbit (D:9)
  3 polar bears (IceCv)
  A vampire (D:11)
  A shadow (D:11)
  4 yaks (IceCv)
  3 hungry ghosts
  Menkaure (D:6)
  A water moccasin (D:10)
  A porcupine (Lair:1)
  Duvessa (D:4)
  A sky beast (D:6)
  8 orc warriors
  3 ice beasts
  3 slaves (D:6)
  2 phantoms
  A black bear (D:10)
  4 ogres
  An eye of draining (D:10)
  3 necrophages
  2 wolves (IceCv)
  2 centaurs (D:5)
  A crocodile (Lair:2)
  12 bullfrogs
  2 wyvern zombies (D:11)
  Dowan (D:4)
  A wyvern skeleton (D:11)
  A water moccasin zombie (D:10)
  A scorpion (D:9)
  8 killer bees
  5 wights (D:9)
  2 howler monkeys
  3 crimson imps
  2 bullfrog zombies
  3 quasits
  4 hounds
  A jelly (D:9)
  Crazy Yiuf (D:2)
  10 orc priests
  2 bullfrog skeletons (D:7)
  11 orc wizards
  2 centaur skeletons
  Terence (D:3)
  2 iguanas (D:10)
  6 worker ants
  A hound zombie (D:6)
  A hound skeleton (D:8)
  Robin (D:2)
  2 gnolls (D:1)
  17 adders
  2 howler monkey skeletons (D:11)
  3 river rats (Sewer)
  A shadow imp (D:11)
  12 white imps (Lair:2)
  3 oozes
  An adder zombie (D:7)
  An adder skeleton (D:4)
  4 worms
  A dart slug (D:2)
  4 leopard geckos
  49 orcs
  8 bats
  5 giant cockroaches
  8 goblins
  9 hobgoblins
  8 jackals
  5 quokkas
  11 ball pythons (Sewer)
  A ball python skeleton (D:4)
  6 frilled lizards
  10 kobolds
  A quokka skeleton (D:4)
  A quokka zombie (D:5)
  33 rats
346 creatures vanquished.

Vanquished Creatures (others)
  A jackal zombie (D:6)
1 creature vanquished.

Grand Total: 347 creatures vanquished

Notes
Turn   | Place    | Note
-------+----------+-------------------------------------------
     0 | D:1      | DearestLeader the Gargoyle Earth Elementalist began the
                  | quest for the Orb.
     0 | D:1      | Reached XP level 1. HP: 10/10 MP: 3/3
   134 | D:2      | Found a hide-covered altar of Uskayaw.
   136 | D:2      | Found a bloodstained altar of Trog.
   139 | D:2      | Found an iron altar of Okawaru.
   140 | D:2      | Reached skill level 4 in Earth Magic
   242 | D:2      | Reached XP level 2. HP: 15/15 MP: 5/5
   310 | D:2      | Found a white marble altar of Elyvilon.
   508 | D:2      | Noticed Robin
   539 | D:2      | Killed Robin
   539 | D:2      | Reached skill level 5 in Earth Magic
   539 | D:2      | Reached XP level 3. HP: 19/19 MP: 0/6
   802 | D:2      | Noticed an ogre
  1253 | D:1      | Reached XP level 4. HP: 24/24 MP: 3/7
  1267 | D:1      | Learned a level 3 spell: Stone Arrow
  1421 | D:1      | Reached skill level 6 in Earth Magic
  1853 | D:2      | Found a runed translucent door.
  1854 | D:2      | Noticed Crazy Yiuf
  1976 | D:2      | Killed Crazy Yiuf
  2093 | D:3      | Reached skill level 1 in Conjurations
  2249 | D:3      | Reached XP level 5. HP: 25/28 MP: 8/8
  2808 | D:3      | Found a burning altar of Makhleb.
  3010 | D:3      | Noticed Terence
  3015 | D:3      | Killed Terence
  3360 | D:4      | Reached skill level 7 in Earth Magic
  3403 | D:4      | Noticed Dowan
  3407 | D:4      | Noticed Duvessa
  3520 | D:4      | Reached XP level 6. HP: 31/32 MP: 5/9
  3527 | D:4      | Learned a level 5 spell: Lee's Rapid Deconstruction
  3703 | D:4      | Killed Duvessa
  3707 | D:4      | Killed Dowan
  3707 | D:4      | Reached skill level 8 in Earth Magic
  3707 | D:4      | Reached XP level 7. HP: 10/36 MP: 0/11
  4599 | D:5      | Entered Level 5 of the Dungeon
  4643 | D:5      | Found a glowing silver altar of Zin.
  4857 | D:5      | Reached skill level 9 in Earth Magic
  5008 | D:5      | Found a staircase to the Ecumenical Temple.
  5018 | Temple   | Entered the Ecumenical Temple
  5198 | D:5      | Reached XP level 8. HP: 32/41 MP: 11/13
  5338 | D:5      | Found a snail-covered altar of Cheibriados.
  5733 | D:6      | Noticed Menkaure
  5878 | D:6      | Found a radiant altar of Vehumet.
  5945 | D:6      | Found a runed translucent gate.
  5945 | D:6      | Noticed DildoBatman's ghost (novice FoWz)
  5946 | D:6      | Found a runed translucent gate.
  5946 | D:6      | Found a runed translucent gate.
  5998 | D:6      | Found a glowing drain.
  6019 | Sewer    | Entered a sewer
  6167 | Sewer    | Reached skill level 10 in Earth Magic
  6193 | Sewer    | Learned a level 4 spell: Petrify
  6196 | Sewer    | Learned a level 2 spell: Passwall
  6656 | D:6      | Killed Menkaure
  6934 | D:7      | Got an ebony dagger
  6979 | D:7      | Noticed Harold
  6987 | D:7      | Killed Harold
  6987 | D:7      | Reached skill level 5 in Spellcasting
  6987 | D:7      | Reached skill level 11 in Earth Magic
  6987 | D:7      | Reached XP level 9. HP: 39/45 MP: 8/17
  7072 | D:7      | Reached skill level 12 in Earth Magic
  7170 | D:6      | Became a worshipper of Vehumet
  7374 | D:6      | Noticed Pikel
  7390 | D:6      | Killed Pikel
  7398 | D:6      | Identified the +1 dagger of Okawaru's Vengeance {venom, rC+
                  | MR+ Int+3 Dex+2} (You found it on level 7 of the Dungeon)
  7978 | D:7      | Reached XP level 10. HP: 50/50 MP: 19/19
  8080 | D:7      | Found a transporter.
  8093 | D:7      | Reached skill level 13 in Earth Magic
  8223 | D:7      | Found a transporter.
  8441 | D:7      | Found a sparkling altar of Nemelex Xobeh.
  8685 | D:8      | Reached * piety under Vehumet
  8685 | D:8      | Offered knowledge of Freeze by Vehumet.
  8996 | D:8      | Found a hazy altar of Hepliaklqana.
  9854 | D:9      | Noticed Prince Ribbit
  9878 | D:9      | Killed Prince Ribbit
 10066 | D:9      | Offered knowledge of Magic Dart by Vehumet.
 10068 | D:9      | Reached ** piety under Vehumet
 10378 | D:10     | Entered Level 10 of the Dungeon
 10392 | D:10     | Reached skill level 14 in Earth Magic
 10597 | D:10     | Reached skill level 5 in Conjurations
 11028 | D:10     | Offered knowledge of Static Discharge by Vehumet.
 11127 | D:10     | Reached *** piety under Vehumet
 11255 | D:10     | Found a staircase to the Orcish Mines.
 11379 | D:11     | Reached XP level 11. HP: 43/54 MP: 19/21
 11404 | D:11     | Noticed a purple ugly thing
 11610 | D:11     | Found a glowing silver altar of Zin.
 11673 | D:11     | Offered knowledge of Mephitic Cloud by Vehumet.
 11827 | D:11     | Killed a purple ugly thing
 11827 | D:11     | Reached skill level 5 in Dodging
 11836 | D:11     | Reached skill level 15 in Earth Magic
 11952 | D:11     | Noticed a two-headed ogre
 11954 | D:11     | Killed a two-headed ogre
 12007 | D:11     | Learned a level 3 spell: Mephitic Cloud
 12086 | D:11     | Found a staircase to the Lair.
 12370 | D:11     | Reached **** piety under Vehumet
 12467 | D:11     | Offered knowledge of Sticky Flame by Vehumet.
 12832 | Lair:1   | Entered Level 1 of the Lair of Beasts
 14114 | Lair:2   | Noticed a seven-headed hydra
 14123 | Lair:2   | Killed a seven-headed hydra
 14139 | Lair:2   | Found a frozen archway.
 14171 | IceCv    | Entered an ice cave
 14268 | IceCv    | Slain by a polar bear

Illustrated notes

Levels and vault maps discovered:
D:1:      ebering_trefoil_twist, layout_basic
D:2:      layout_basic, lemuel_round_altar, grunt_temple_overflow_open,
          okawaru_ov_weapons_minmay, uniq_robin, uniq_crazy_yiuf_cottage
D:3:      kb_forest_paths, layout_basic, overflow_temple_1_default,
          first_ration, uniq_terence
D:4:      layout_loops_ring, nrook_campfire, uniq_duvessa
D:5:      layout_gridville, kennysheep_mini_moat, overflow_temple_1_default,
          minmay_temple_entry_offerings
D:6:      minmay_razor_zed, layout_cave_pools, nicolae_overflow_hidden_temple,
          cheibrodos_sewer_entry_drain, ebering_ghost_rock_garden,
          glass_columns_a, uniq_pikel, uniq_menkaure
D:7:      gammafunk_steamed_eel, layout_loops_corners,
          nemelex_dance_club_becter, uniq_harold
D:8:      layout_cave_pods, basic_altar
D:9:      layout_roguey, uniq_prince_ribbit1
D:10:     layout_cave_pools, david_orc_4
D:11:     layout_loops_cross, lair_entry_dummy, basic_altar, grunt_ogre_cave,
          minmay_diced_spiral
Temple:   zaba_magenta_temple
Lair:1:   layout_layer_cave
Lair:2:   layout_cave_pods, spider_nest_entry_rubble,
          portal_ice_cave_entry_imps, grunt_forest_small_clearing_treed
IceCv:    ice_cave_small_giant

Skill      XL: |  1  2  3  4  5  6  7  8  9 10 11 |
---------------+----------------------------------+-----
Earth Magic    | 4 5 6 7 8 9 11 12 14 15 | 15.8
Conjurations   | 1 2 3 4 5 7 |  7.4
Spellcasting   | 3 5 6 7 |  7.6
Dodging        | 2 4 5 |  5.9
Stealth        | |  2.1
Transmutations | |  0.7

Action                   |  1- 3 |  4- 6 |  7- 9 | 10-12 || total
-------------------------+-------+-------+-------+-------++-------
Melee: Unarmed           |     6 |       |       |       ||     6
       Spear             |    43 |       |       |       ||    43
       Dagger            |    20 |    40 |    47 |   281 ||   388
       Whip              |       |    59 |   187 |       ||   246
 Cast: Sandblast         |    18 |    40 |    94 |   127 ||   279
       Lee's Rapid Decon |       |       |     2 |    31 ||    33
       Stone Arrow       |       |       |       |    45 ||    45
       Petrify           |       |       |       |     1 ||     1
  Use: Scroll            |     3 |       |     8 |    15 ||    26
       Potion            |       |       |       |     1 ||     1
 Stab: Sleeping          |     6 |     8 |     5 |     1 ||    20
  Eat: Chunk             |     1 |     5 |     8 |    27 ||    41
       Ration            |       |     1 |     2 |       ||     3
Armor: Robe              |    30 |    38 |   216 |   145 ||   429
Dodge: Dodged            |    50 |    60 |   273 |   347 ||   730
